 Dungeon Crawl Stone Soup version 0.18-a0-1197-g8004e50 (webtiles) character file.

484 Shaidar413 the Ruffian (level 6, -7/62 HPs)
             Began as a Troll Berserker on Jan 30, 2016.
             Was a Priest of Trog.
             Mangled by st0uf's ghost (8 damage)
             ... on level 5 of the Dungeon.
             The game lasted 00:16:43 (2688 turns).

Shaidar413 the Ruffian (Troll Berserker)            Turns: 2688, Time: 00:16:45

Health: -7/62      AC:  5    Str: 28    XL:     6   Next: 88%
Magic:  3/5        EV: 11    Int:  3    God:    Trog [***...]
Gold:   108        SH:  0    Dex:  9    Spells: 0 memorised, 5 levels left

rFire  . . .     SeeInvis .       - Unarmed
rCold  + . .     Gourm    +     a - +0 animal skin
rNeg   . . .     Faith    .     (no shield)
rPois  .         Spirit   .     (helmet restricted)
rElec  .         Dismiss  .     (no cloak)
rCorr  .         Reflect  .     (gloves unavailable)
SustAt .         Harm     .     (boots unavailable)
MR     .....                    (no amulet)
Stlth  +.........               (no ring)
                                j - ring of protection from cold

@: exhausted, very slightly contaminated, slowed, invisible (expiring), very
slow, not resistant to hostile enchantments, very unstealthy
A: unfitting armour, claws 3, fast metabolism 3, gourmand, regeneration 2,
shaggy fur 1, tough skin 2
a: Berserk, Trog's Hand, Burn Spellbooks, Renounce Religion


You were on level 5 of the Dungeon.
You worshipped Trog.
Trog was most pleased with you.
You were not hungry.

You visited 1 branch of the dungeon, and saw 5 of its levels.

You collected 108 gold pieces.

Inventory:

Missiles
 e - 172 stones (quivered)
Armour
 a - a +0 animal skin (worn)
 n - a +0 shield
Jewellery
 j - a ring of protection from cold (left claw)
 p - an uncursed amulet of dismissal
Scrolls
 g - 3 scrolls of teleportation
 h - 3 scrolls of random uselessness
 l - 2 scrolls of recharging {unknown}
 o - 2 scrolls of fear {unknown}
 q - a scroll of blinking {unknown}
 r - a scroll of enchant weapon {unknown}
 s - a scroll of remove curse {unknown}
 v - a scroll of magic mapping {unknown}
 x - 4 scrolls of fog {unknown}
 y - 3 scrolls of enchant armour {unknown}
Potions
 d - 2 potions of brilliance {unknown}
 f - 4 potions of curing
 k - a potion of mutation {unknown}
 m - a potion of ambrosia {unknown}
Comestibles
 b - 5 bread rations
 c - 3 fruits
 i - a beef jerky


   Skills:
 + Level 3.7 Fighting
 + Level 4.2 Dodging
 + Level 0.6 Stealth
 + Level 5.4 Unarmed Combat


You had 5 spell levels left.
You didn't know any spells.

Dungeon Overview and Level Annotations

Branches:
Dungeon (5/15)
 Temple: D:4-7

Altars:
Cheibriados

Shops:
D:4 [(=

Annotations:
D:5 st0uf's ghost, novice TeCK


Innate Abilities, Weirdness & Mutations

You are too large for most types of armour.
You have claws for hands.
Your metabolism is lightning-fast.
You like to eat raw meat.
You heal very quickly.
You are covered in fur (AC +1).
You have very tough skin (AC +2).


Message History

St0uf's ghost hits you but does no damage.
Something hits you but does no damage. St0uf's ghost hits you!
* * * LOW HITPOINT WARNING * * *
You feel your power leaking away.
You scratch st0uf's ghost.
St0uf's ghost is severely damaged.
Something hits you but does no damage. St0uf's ghost closely misses you.
Drink which item? (? for menu, Esc to quit)
You feel better. Something hits you but does no damage. St0uf's ghost hits you.
* * * LOW HITPOINT WARNING * * *
St0uf's ghost burns you.
* * * LOW HITPOINT WARNING * * *
Something hits you but does no damage.
You barely miss st0uf's ghost.
St0uf's ghost is severely damaged.
You flicker for a moment.
St0uf's ghost hits you!
* * * LOW HITPOINT WARNING * * *
You are electrocuted!
You die...

..# #.#
##.## ...
#.########
##oo.....$.
#oo<#...h.
#{##.# ##.
#@# .# #W#
.# #.# ..
... .# ...
.h #...#.#
##.#. ....


You could see st0uf's ghost and 4 orcs.

Vanquished Creatures
  A scorpion (D:4)
  3 orc wizards (D:3)
  An iguana (D:4)
  6 worker ants
  A hound skeleton (D:4)
  5 adders
  An ooze (D:1)
  3 worms
  A giant gecko (D:1)
  7 orcs
  5 giant cockroaches
  4 goblins
  6 hobgoblins
  20 jackals
  2 quokkas
  2 ball pythons (D:2)
  5 bats
  9 giant newts
  9 kobolds
  3 rats
94 creatures vanquished.

Vanquished Creatures (others)
  An orc priest (D:5)
1 creature vanquished.

Grand Total: 95 creatures vanquished

Notes
Turn   | Place    | Note
--------------------------------------------------------------
     0 | D:1      | Shaidar413 the Troll Berserker began the quest for the Orb.
     0 | D:1      | Reached XP level 1. HP: 22/22 MP: 0/0
   187 | D:1      | Reached XP level 2. HP: 23/29 MP: 1/1
   511 | D:2      | Reached XP level 3. HP: 36/36 MP: 2/2
   702 | D:2      | Reached ** piety under Trog
   911 | D:2      | Reached XP level 4. HP: 43/45 MP: 3/3
  1320 | D:3      | Reached skill level 4 in Unarmed Combat
  1405 | D:3      | Reached *** piety under Trog
  1443 | D:3      | Reached XP level 5. HP: 49/53 MP: 4/4
  1556 | D:3      | Found a snail-covered altar of Cheibriados.
  1880 | D:4      | Found Sige's Jewellery Boutique.
  1931 | D:4      | Reached XP level 6. HP: 58/61 MP: 5/5
  1990 | D:4      | Found Zialacem's Antique Armour Boutique.
  2089 | D:4      | Reached skill level 5 in Unarmed Combat
  2372 | D:4      | Found Xuarum's Weapon Shop.
  2656 | D:5      | Entered Level 5 of the Dungeon
  2667 | D:5      | Noticed st0uf's ghost (novice TeCK)
  2688 | D:5      | HP: 1/62 [st0uf's ghost (14)]
  2688 | D:5      | Mangled by st0uf's ghost

Vault maps used:
D:1:      minmay_arrival_three_doors
D:3:      cheibriados_altar_1
D:4:      serial_shops, shop, shop, nicolae_shop_behind_doors
D:5:      lemuel_coloured_pillars_altar, serial_shops, shop, first_bread,
          corexii_shack, st_stairs_9, lightli_church_of_beogh

Action                   |  1- 3 |  4- 6 || total
-------------------------+-------+-------++-------
Melee: Unarmed           |   116 |   163 ||   279
Invok: Berserk           |       |     1 ||     1
  Use: Scroll            |     2 |     4 ||     6
       Potion            |       |     2 ||     2
 Stab: Sleeping          |       |     1 ||     1
  Eat: Chunk             |     7 |     8 ||    15
       Meat ration       |       |     1 ||     1
       Pizza             |       |     1 ||     1
       Beef jerky        |       |     1 ||     1
